PIO (24 & UNDER)
SURREY SINNERS @ SASKATOON SMOKIN' GUNS
04/06/2029
 
TOP OF THE 1ST
Surrey Sinners batting - Pitching for Saskatoon Smokin' Guns : LHP Pedro González
Pitching: LHP Pedro González
Batting: RHB Clarence Harrison 0-0: Swinging Strike
0-1: Foul Ball, location: 2F
0-2: Strikes out swinging
Batting: LHB Trey Fitzpatrick 0-0: Foul Ball, location: 2F
0-1: Ball
1-1: Ball
2-1: Foul Ball, location: 2F
2-2: Ball
3-2: Fly out, F9 (Flyball, 9LD)
Batting: LHB Ernesto Meléndez 0-0: Fly out, F4 (Popup, 4D)
Top of the 1st over - 0 runs, 0 hits, 0 errors, 0 left on base; Surrey 0 - Saskatoon 0
BOTTOM OF THE 1ST
Saskatoon Smokin' Guns batting - Pitching for Surrey Sinners : LHP Ramón Cardenas
Pitching: LHP Ramón Cardenas
Batting: LHB Rubén Salazar 0-0: Swinging Strike
0-1: Ball
1-1: Ball
2-1: Fly out, F8 (Flyball, 8RD)
Batting: RHB António Martínez 0-0: Ball
1-0: Ball
2-0: Ground out 6-3 (Groundball, 6)
Batting: SHB Ramiro Medrano 0-0: Ball
1-0: Swinging Strike
1-1: Called Strike
1-2: Ball
2-2: Foul Ball, location: 2F
2-2: Foul Ball, location: 2F
2-2: Strikes out swinging
Bottom of the 1st over - 0 runs, 0 hits, 0 errors, 0 left on base; Surrey 0 - Saskatoon 0
TOP OF THE 2ND
Surrey Sinners batting - Pitching for Saskatoon Smokin' Guns : LHP Pedro González
Batting: LHB Iván Espinosa 0-0: Ball
1-0: Ground out 6-3 (Groundball, 6)
Batting: RHB Dennis House 0-0: Swinging Strike
0-1: Ball
1-1: Ball
2-1: Ball
3-1: Ground out 1-3 (Groundball, 13S)
Batting: SHB Norberto Muńóz 0-0: Swinging Strike
0-1: Fly out, F7 (Flyball, 7)
Top of the 2nd over - 0 runs, 0 hits, 0 errors, 0 left on base; Surrey 0 - Saskatoon 0
BOTTOM OF THE 2ND
Saskatoon Smokin' Guns batting - Pitching for Surrey Sinners : LHP Ramón Cardenas
Batting: LHB Bo Rush 0-0: Ball
1-0: Called Strike
1-1: Foul Ball, location: 2F
1-2: Foul Ball, location: 2F
1-2: SINGLE (Flyball, 8LS) - OUT at second base trying to stretch hit.
Batting: RHB Johnny Hawson 0-0: Foul Ball, location: 2F
0-1: Ball
1-1: Fly out, F7 (Flyball, 7)
Batting: LHB José Domínguez 0-0: Called Strike
0-1: Ball
1-1: Foul Ball, location: 2F
1-2: Ball
2-2: Strikes out swinging
Bottom of the 2nd over - 0 runs, 1 hit, 0 errors, 0 left on base; Surrey 0 - Saskatoon 0
TOP OF THE 3RD
Surrey Sinners batting - Pitching for Saskatoon Smokin' Guns : LHP Pedro González
Batting: RHB Pat Simms 0-0: Ball
1-0: Called Strike
1-1: Ball
2-1: Ball
3-1: Base on Balls
Batting: RHB Mauro Paredes 0-0: Ball
1-0: Ball
2-0: Ball
3-0: Called Strike
3-1: Swinging Strike
3-2: Base on Balls
Pat Simms to second
Batting: RHB Don Jackson 0-0: Ball
1-0: Ball
2-0: Called Strike
2-1: Foul Ball, location: 2F
2-2: Ball
3-2: Base on Balls
Pat Simms to third
Mauro Paredes to second
Batting: RHB Clarence Harrison 0-0: Ball
1-0: Swinging Strike
1-1: Ball
2-1: SINGLE (Groundball, 4D)
Pat Simms scores
Mauro Paredes to third
Don Jackson to second
Runner from 3rd tries for Home, SAFE, no throw
Batting: LHB Trey Fitzpatrick 0-0: Foul Ball, location: 2F
0-1: Foul Ball, location: 2F
0-2: Ball
1-2: Ball
2-2: Ball
3-2: Foul Ball, location: 2F
3-2: SINGLE (Groundball, 4MD)
Don Jackson to third
Clarence Harrison to second
Runner from 3rd tries for Home, throw and OUT!
Clarence Harrison to third
Trey Fitzpatrick to second
Batting: LHB Ernesto Meléndez 0-0: Foul Ball, location: 2F
0-1: Swinging Strike
0-2: Ball
1-2: Foul Ball, location: 2F
1-2: Strikes out swinging
Batting: LHB Iván Espinosa 0-0: Called Strike
0-1: Swinging Strike
0-2: Ball
1-2: Strikes out swinging
Top of the 3rd over - 2 runs, 2 hits, 0 errors, 2 left on base; Surrey 2 - Saskatoon 0
BOTTOM OF THE 3RD
Saskatoon Smokin' Guns batting - Pitching for Surrey Sinners : LHP Ramón Cardenas
Batting: RHB Artie Turner 0-0: Foul Ball, location: 2F
0-1: Ground out 6-3 (Groundball, 56)
Batting: SHB Mathew Olson 0-0: Ball
1-0: Fly out, F7 (Flyball, 7)
Batting: RHB Mike Ratzlaff 0-0: Fly out, F7 (Flyball, 7LM)
Bottom of the 3rd over - 0 runs, 0 hits, 0 errors, 0 left on base; Surrey 2 - Saskatoon 0
TOP OF THE 4TH
Surrey Sinners batting - Pitching for Saskatoon Smokin' Guns : LHP Pedro González
Batting: RHB Dennis House 0-0: Foul Ball, location: 2F
0-1: Called Strike
0-2: Ball
1-2: Ball
2-2: Ball
3-2: SINGLE (Flyball, 78S)
Batting: SHB Norberto Muńóz 0-0: Called Strike
0-1: Ball
1-1: Swinging Strike
1-2: Foul Ball, location: 2F
1-2: Ball
2-2: Ball
3-2: Strikes out looking
Batting: RHB Pat Simms 0-0: Ball
1-0: Ball
2-0: Ball
3-0: Base on Balls
Dennis House to second
Batting: RHB Mauro Paredes 0-0: Ball
1-0: Ball
2-0: Called Strike
2-1: Ball
3-1: Base on Balls
Dennis House to third
Pat Simms to second
Batting: RHB Don Jackson 0-0: Called Strike
0-1: Ball
1-1: Ball
2-1: Foul Ball, location: 2F
2-2: Ball
3-2: Foul Ball, location: 2F
3-2: Base on Balls
Dennis House scores
Pat Simms to third
Mauro Paredes to second
Batting: RHB Clarence Harrison 0-0: Ball
1-0: Foul Ball, location: 2F
1-1: SINGLE (Line Drive, 56D)
Pat Simms scores
Mauro Paredes to third
Don Jackson to second
Batting: LHB Trey Fitzpatrick 0-0: Ball
1-0: Called Strike
1-1: SINGLE (Groundball, 34D)
Mauro Paredes scores
Don Jackson to third
Clarence Harrison to second
Runner from 3rd tries for Home, SAFE, no throw
Pitching: RHP Miguel Reyes
Batting: LHB Ernesto Meléndez 0-0: Called Strike
0-1: Ball
1-1: Ball
Clarence Harrison steals 3rd base
2-1: Ball
3-1: TRIPLE (Line Drive, 7LD)
Clarence Harrison scores
Trey Fitzpatrick scores
Batting: LHB Iván Espinosa 0-0: Called Strike
0-1: Ball
1-1: Ball
2-1: Ball
3-1: Base on Balls
Batting: RHB Dennis House 0-0: Called Strike
0-1: Foul Ball, location: 2F
0-2: DOUBLE (Line Drive, 8LXD)
Ernesto Meléndez scores
Iván Espinosa to third
Runner from 3rd tries for Home, SAFE, no throw
Batting: SHB Norberto Muńóz 0-0: Ball
1-0: Swinging Strike
1-1: Called Strike
1-2: Ball
2-2: Foul Ball, location: 2F
2-2: Ball
3-2: Foul Ball, location: 2F
3-2: Base on Balls
Batting: RHB Pat Simms 0-0: Swinging Strike
0-1: Foul Ball, location: 2F
0-2: Ball
1-2: Fly out, F4 (Popup, 4M)
Batting: RHB Mauro Paredes 0-0: Ball
1-0: Ball
2-0: Foul Ball, location: 2F
2-1: Ball
3-1: Base on Balls
Dennis House to third
Norberto Muńóz to second
Batting: RHB Don Jackson 0-0: Called Strike
0-1: Ball
1-1: Ball
2-1: Foul Ball, location: 2F
2-2: Foul Ball, location: 2F
2-2: Ball
3-2: Base on Balls
Dennis House scores
Norberto Muńóz to third
Mauro Paredes to second
Batting: RHB Clarence Harrison 0-0: Called Strike
0-1: Swinging Strike
0-2: Ball
1-2: Ball
2-2: Strikes out swinging
Top of the 4th over - 9 runs, 5 hits, 0 errors, 3 left on base; Surrey 11 - Saskatoon 0
BOTTOM OF THE 4TH
Saskatoon Smokin' Guns batting - Pitching for Surrey Sinners : LHP Ramón Cardenas
Batting: LHB Rubén Salazar 0-0: Ball
1-0: Ground out 4-3 (Groundball, 4)
Batting: RHB António Martínez 0-0: Foul Ball, location: 2F
0-1: Ball
1-1: Ball
2-1: SINGLE (Groundball, 4D)
Batting: SHB Ramiro Medrano 0-0: Foul Ball, location: 2F
0-1: Foul Ball, location: 2F
0-2: Ball
1-2: Ball
2-2: Foul Ball, location: 2F
2-2: SINGLE (Groundball, 4MD)
António Martínez to second
António Martínez to third
Batting: LHB Bo Rush 0-0: Foul Ball, location: 2F
0-1: Foul Ball, location: 2F
0-2: Ball
1-2: Strikes out looking
Batting: RHB Johnny Hawson 0-0: Ball
1-0: Ball
2-0: SINGLE (Line Drive, 6)
António Martínez scores
Ramiro Medrano to second
Runner from 2nd tries for 3rd, OUT!
Bottom of the 4th over - 1 run, 3 hits, 0 errors, 1 left on base; Surrey 11 - Saskatoon 1
TOP OF THE 5TH
Surrey Sinners batting - Pitching for Saskatoon Smokin' Guns : RHP Miguel Reyes
Batting: LHB Trey Fitzpatrick 0-0: Ball
1-0: Swinging Strike
1-1: Swinging Strike
1-2: Ball
2-2: Strikes out swinging
Batting: LHB Ernesto Meléndez 0-0: Ball
1-0: Ball
2-0: Swinging Strike
2-1: Ball
3-1: Base on Balls
Batting: LHB Iván Espinosa 0-0: SINGLE (Flyball, 7LS)
Ernesto Meléndez to second
Batting: RHB Dennis House 0-0: Ball
1-0: Called Strike
1-1: Fly out, F2 (Popup, 23F)
Batting: SHB Norberto Muńóz 0-0: Ball
1-0: Foul Ball, location: 2F
1-1: Called Strike
1-2: Strikes out swinging
Top of the 5th over - 0 runs, 1 hit, 0 errors, 2 left on base; Surrey 11 - Saskatoon 1
BOTTOM OF THE 5TH
Saskatoon Smokin' Guns batting - Pitching for Surrey Sinners : LHP Ramón Cardenas
Batting: LHB José Domínguez 0-0: Ball
1-0: Foul Ball, location: 2F
1-1: Ball
2-1: Ball
3-1: Called Strike
3-2: Base on Balls
Batting: RHB Artie Turner 0-0: Ball
1-0: Ball
2-0: Called Strike
2-1: Ball
3-1: Base on Balls
José Domínguez to second
Batting: SHB Mathew Olson 0-0: Ball
1-0: Ball
2-0: Ball
3-0: Base on Balls
José Domínguez to third
Artie Turner to second
Batting: RHB Mike Ratzlaff 0-0: Ball
1-0: Ball
2-0: Foul Ball, location: 2F
2-1: Foul Ball, location: 2F
2-2: Foul Ball, location: 2F
2-2: Ball
3-2: Strikes out swinging
Batting: LHB Rubén Salazar 0-0: Ball
1-0: Swinging Strike
1-1: Ball
2-1: Ball
3-1: Swinging Strike
3-2: Base on Balls
José Domínguez scores
Artie Turner to third
Mathew Olson to second
Batting: RHB António Martínez 0-0: Ball
1-0: Ball
2-0: Ground out 6-3 (Groundball, 56D)
Artie Turner scores
Mathew Olson to third
Rubén Salazar to second
Batting: SHB Ramiro Medrano 0-0: Ball
1-0: Foul Ball, location: 2F
1-1: Called Strike
1-2: Ball
2-2: Foul Ball, location: 2F
2-2: Ball
3-2: Ground out 5-3 (Groundball, 5S)
Bottom of the 5th over - 2 runs, 0 hits, 0 errors, 2 left on base; Surrey 11 - Saskatoon 3
TOP OF THE 6TH
Surrey Sinners batting - Pitching for Saskatoon Smokin' Guns : RHP Miguel Reyes
Batting: RHB Pat Simms 0-0: Foul Ball, location: 2F
0-1: Called Strike
0-2: Foul Ball, location: 2F
0-2: Strikes out swinging
Batting: RHB Mauro Paredes 0-0: Foul Ball, location: 2F
0-1: Ground out 5-3 (Groundball, 5)
Batting: RHB Don Jackson 0-0: Ball
1-0: Foul Ball, location: 2F
1-1: Ball
2-1: Ball
3-1: Base on Balls
Batting: RHB Clarence Harrison 0-0: Called Strike
Don Jackson steals 2nd base
0-1: SINGLE (Groundball, 4MD)
Don Jackson to third
Runner from 3rd tries for Home, SAFE, throw made home
Batting: LHB Trey Fitzpatrick 0-0: Ball
1-0: Ball
Clarence Harrison steals 2nd base
2-0: Ball
3-0: Base on Balls
Batting: LHB Ernesto Meléndez 0-0: Ball
1-0: Ball
2-0: 3-RUN HOME RUN (Flyball, 9LD), Distance : 342 ft
Batting: LHB Iván Espinosa 0-0: Foul Ball, location: 2F
0-1: Swinging Strike
0-2: Ball
1-2: Strikes out swinging
Top of the 6th over - 4 runs, 2 hits, 0 errors, 0 left on base; Surrey 15 - Saskatoon 3
BOTTOM OF THE 6TH
Saskatoon Smokin' Guns batting - Pitching for Surrey Sinners : LHP Ramón Cardenas
Batting: LHB Bo Rush 0-0: Called Strike
0-1: Called Strike
0-2: Foul Ball, location: 2F
0-2: Ball
1-2: SINGLE (Groundball, 4MD)
Pitching: RHP Chris Ryan
Batting: RHB Johnny Hawson 0-0: Called Strike
0-1: Ball
1-1: Foul Ball, location: 2F
1-2: Strikes out swinging
Batting: LHB José Domínguez 0-0: Ball
1-0: Called Strike
1-1: Foul Ball, location: 2F
1-2: Ball
2-2: Ball
3-2: Foul Ball, location: 2F
3-2: Foul Ball, location: 2F
3-2: Foul Ball, location: 2F
3-2: Hit by Pitch
Bo Rush to second
Batting: RHB Artie Turner 0-0: Ball
1-0: Ball
2-0: Swinging Strike
2-1: Foul Ball, location: 2F
2-2: Strikes out swinging
Batting: SHB Mathew Olson 0-0: Ball
1-0: Foul Ball, location: 2F
1-1: Swinging Strike
1-2: DOUBLE (Line Drive, 7LM)
Bo Rush scores
José Domínguez to third
Batting: RHB Mike Ratzlaff 0-0: Ball
1-0: Swinging Strike
1-1: Ball
2-1: Foul Ball, location: 2F
2-2: Ball
3-2: Base on Balls
Batting: LHB Rubén Salazar 0-0: Ball
1-0: Swinging Strike
1-1: Swinging Strike
1-2: Foul Ball, location: 2F
1-2: Foul Ball, location: 2F
1-2: Ball
2-2: Ball
3-2: Base on Balls
José Domínguez scores
Mathew Olson to third
Mike Ratzlaff to second
Batting: RHB António Martínez 0-0: Ball
1-0: Foul Ball, location: 2F
1-1: Ball
2-1: Ground out 4-3 (Groundball, 4)
Bottom of the 6th over - 2 runs, 2 hits, 0 errors, 3 left on base; Surrey 15 - Saskatoon 5
TOP OF THE 7TH
Surrey Sinners batting - Pitching for Saskatoon Smokin' Guns : RHP Miguel Reyes
Batting: RHB Dennis House 0-0: Called Strike
0-1: Fly out, F9 (Flyball, 9D)
Batting: SHB Norberto Muńóz 0-0: Ball
1-0: Ball
2-0: Ball
3-0: Called Strike
3-1: Foul Ball, location: 2F
3-2: Foul Ball, location: 2F
3-2: Foul Ball, location: 2F
3-2: Base on Balls
Batting: RHB Pat Simms Pickoff Throw to First - Error! E1
Norberto Muńóz to second
0-0: Ball
1-0: Ball
2-0: Foul Ball, location: 2F
2-1: Ball
3-1: Foul Ball, location: 2F
3-2: Strikes out swinging
Batting: RHB Mauro Paredes 0-0: Hit by Pitch
Batting: RHB Don Jackson 0-0: Ball
1-0: Ball
2-0: Ball
3-0: Base on Balls
Norberto Muńóz to third
Mauro Paredes to second
Batting: RHB Clarence Harrison 0-0: Foul Ball, location: 2F
0-1: Foul Ball, location: 2F
0-2: Ball
1-2: SINGLE (Flyball, 8LS)
Norberto Muńóz scores
Mauro Paredes to third
Don Jackson to second
Runner from 3rd tries for Home, SAFE, throw made home
Batting: LHB Trey Fitzpatrick 0-0: Called Strike
0-1: Ball
1-1: Ball
2-1: Foul Ball, location: 2F
2-2: DOUBLE (Line Drive, 9LM)
Don Jackson scores
Clarence Harrison to third
Runner from 3rd tries for Home, SAFE, no throw
Batting: LHB Ernesto Meléndez 0-0: Called Strike
0-1: Foul Ball, location: 2F
0-2: Hit by Pitch
Batting: LHB Iván Espinosa 0-0: Called Strike
0-1: Ball
1-1: SINGLE (Groundball, 34D)
Trey Fitzpatrick to third
Ernesto Meléndez to second
Runner from 3rd tries for Home, SAFE, no throw
Batting: RHB Dennis House 0-0: Ball
1-0: Foul Ball, location: 2F
1-1: Ball
2-1: Ball
3-1: Base on Balls
Ernesto Meléndez to third
Iván Espinosa to second
Batting: SHB Norberto Muńóz 0-0: Called Strike
0-1: Ball
1-1: Foul Ball, location: 2F
1-2: Foul Ball, location: 2F
1-2: Foul Ball, location: 2F
1-2: Ball
2-2: Foul Ball, location: 2F
2-2: Fly out, F3 (Line Drive, 34)
Top of the 7th over - 5 runs, 3 hits, 1 error, 3 left on base; Surrey 20 - Saskatoon 5
BOTTOM OF THE 7TH
Saskatoon Smokin' Guns batting - Pitching for Surrey Sinners : RHP Chris Ryan
Batting: SHB Ramiro Medrano 0-0: Ball
1-0: Ball
2-0: Foul Ball, location: 2F
2-1: Ball
3-1: Foul Ball, location: 2F
3-2: Foul Ball, location: 2F
3-2: Base on Balls
Batting: LHB Bo Rush 0-0: Ball
1-0: Foul Ball, location: 2F
1-1: Called Strike
1-2: Ball
2-2: Ball
3-2: Fly out, F7 (Flyball, 7LDF)
Runner from 1st tags up, SAFE at 2nd
Batting: RHB Johnny Hawson 0-0: Fly out, F4 (Line Drive, 34D)
Batting: LHB José Domínguez 0-0: Called Strike
0-1: Hit by Pitch
Batting: RHB Artie Turner 0-0: Called Strike
0-1: Ball
1-1: Swinging Strike
1-2: Strikes out looking
Bottom of the 7th over - 0 runs, 0 hits, 0 errors, 2 left on base; Surrey 20 - Saskatoon 5
TOP OF THE 8TH
Surrey Sinners batting - Pitching for Saskatoon Smokin' Guns : RHP Miguel Reyes
Pitching: RHP John Gill
Batting: RHB Pat Simms 0-0: Called Strike
0-1: Ball
1-1: Ball
2-1: SINGLE (Groundball, 13) (infield hit)
Batting: RHB Mauro Paredes 0-0: Called Strike
0-1: Fielders Choice at 2nd, 3-6 (Groundball, 3D)
Batting: RHB Don Jackson 0-0: Called Strike
0-1: Called Strike
0-2: Ball
1-2: Foul Ball, location: 2F
1-2: Ball
2-2: Foul Ball, location: 2F
2-2: Foul Ball, location: 2F
2-2: Ball
3-2: Foul Ball, location: 2F
3-2: SINGLE (Groundball, 4D)
Mauro Paredes to second
Batting: RHB Clarence Harrison 0-0: Ball
1-0: Foul Ball, location: 2F
1-1: Ball
2-1: Ball
3-1: Base on Balls
Mauro Paredes to third
Don Jackson to second
Batting: LHB Trey Fitzpatrick 0-0: Foul Ball, location: 2F
0-1: Called Strike
0-2: Ball
1-2: Fly out, F9 (Flyball, 9S)
Batting: LHB Ernesto Meléndez 0-0: Called Strike
0-1: Ball
1-1: Ball
2-1: Called Strike
2-2: Ball
3-2: Base on Balls
Mauro Paredes scores
Don Jackson to third
Clarence Harrison to second
Batting: LHB Iván Espinosa 0-0: Called Strike
0-1: Called Strike
0-2: Ball
1-2: Fielders Choice at 2nd, 5-4 (Groundball, 56)
Top of the 8th over - 1 run, 2 hits, 0 errors, 3 left on base; Surrey 21 - Saskatoon 5
BOTTOM OF THE 8TH
Saskatoon Smokin' Guns batting - Pitching for Surrey Sinners : RHP Chris Ryan
Batting: SHB Mathew Olson 0-0: Ball
1-0: Ball
2-0: Foul Ball, location: 2F
2-1: Called Strike
2-2: Ball
3-2: Ground out 4-3 (Groundball, 4)
Batting: RHB Mike Ratzlaff 0-0: Ball
1-0: Ball
2-0: Ground out 3-1 (Groundball, 34)
Batting: LHB Rubén Salazar 0-0: Ball
1-0: Ball
2-0: Fly out, F7 (Flyball, 7D)
Bottom of the 8th over - 0 runs, 0 hits, 0 errors, 0 left on base; Surrey 21 - Saskatoon 5
TOP OF THE 9TH
Surrey Sinners batting - Pitching for Saskatoon Smokin' Guns : RHP John Gill
Batting: RHB Dennis House 0-0: Called Strike
0-1: Ball
1-1: Ball
2-1: Swinging Strike
2-2: Foul Ball, location: 2F
2-2: Strikes out swinging
Batting: SHB Norberto Muńóz 0-0: Ball
1-0: Ball
2-0: Called Strike
2-1: Ball
3-1: Foul Ball, location: 2F
3-2: Foul Ball, location: 2F
3-2: SINGLE (Groundball, 6MD)
Batting: RHB Pat Simms 0-0: Ball
Norberto Muńóz steals 2nd base
1-0: Called Strike
1-1: Ball
2-1: Fly out, F9 (Flyball, 9)
Batting: RHB Mauro Paredes 0-0: Swinging Strike
0-1: Ball
1-1: Ball
2-1: Ball
3-1: Base on Balls
Batting: RHB Don Jackson 0-0: Fly out, F7 (Flyball, 78XD)
Top of the 9th over - 0 runs, 1 hit, 0 errors, 2 left on base; Surrey 21 - Saskatoon 5
BOTTOM OF THE 9TH
Saskatoon Smokin' Guns batting - Pitching for Surrey Sinners : RHP Chris Ryan
Now in RF: Martín Garza
Batting: RHB António Martínez 0-0: Ball
1-0: Ball
2-0: Foul Ball, location: 2F
2-1: Foul Ball, location: 2F
2-2: Strikes out swinging
Pitching: RHP Edward Robinson
Batting: SHB Ramiro Medrano 0-0: Called Strike
0-1: Ball
1-1: Foul Ball, location: 2F
1-2: Ball
2-2: Ball
3-2: Fly out, F9 (Flyball, 9S)
Pinch Hitting: RHB Joe Wiggs 0-0: Ball
1-0: Foul Ball, location: 2F
1-1: Ball
2-1: Swinging Strike
2-2: Fly out, F4 (Line Drive, 4)
Bottom of the 9th over - 0 runs, 0 hits, 0 errors, 0 left on base; Surrey 21 - Saskatoon 5
Saturday, December 16th, 2017 - OOTP Baseball 18.8 Build 76